Map: Eternal Empire LE

Players

TIME (Oliveira)

  • Race: Terran Terran
  • Spawn Location: 1:00

Scarlett - Winner!

  • Race: Zerg Zerg
  • Spawn Location: 7:00

Event: DreamHack SC2 Masters 2020 Fall

VOD

Have the link to the VOD?

Description

Time

  • Played on: Sept. 18, 2020, 12:23 p.m.
  • Length: 23:19
Show
View Real Time Build Order
Export as new Build Order

TIME Terran 

Build Orders: Reaper Expand 

Get SALT Encoding   

  12  0:00  SCV  
  13  0:12  SCV  
  14  0:17  Supply Depot  
  14  0:25  SCV  
  15  0:39  SCV  
  15  0:40  Barracks  
  16  0:45  Refinery  
  16  0:51  SCV  
  17  1:03  SCV  
  18  1:15  SCV  
  19  1:27  Reaper  
  19  1:28  Orbital Command  
  20  1:41  Command Center  
  20  1:49  Supply Depot  
  20  1:53  SCV  
  21  1:59  Marine  
  22  2:05  SCV  
  23  2:11  Factory  
  23  2:17  SCV  
  23  2:21  Barracks Reactor  
  25  2:30  SCV  
  25  2:44  Command Center  
  25  2:45  SCV  
  26  2:53  Orbital Command  
  26  3:01  SCV  
  26  3:04  Barracks Tech Lab  
  27  3:07  Hellion x2  
  31  3:13  SCV  
  31  3:18  SCV  
  33  3:22  Supply Depot  
  33  3:24  Stimpack  
  33  3:25  Marine  
  33  3:26  SCV  
  35  3:30  SCV  
  35  3:31  Hellion  
  40  3:34  Hellion  
  40  3:39  SCV  
  41  3:42  SCV  
  41  3:44  Marine  
  43  3:51  SCV  
  43  3:54  SCV  
  45  3:56  Orbital Command  
  45  3:59  Engineering Bay  
  45  4:01  Engineering Bay  
  45  4:03  SCV  
  45  4:06  Barracks  
  45  4:07  SCV  
  45  4:09  Barracks  
  47  4:11  Factory Reactor  
  47  4:12  Marine  
  47  4:15  SCV  
  49  4:19  Refinery, SCV  
  50  4:26  SCV  
  50  4:27  SCV  
  50  4:28  Terran Infantry Weapons Level 1  
  50  4:31  Refinery, SCV  
  53  4:32  Refinery  
  53  4:36  Supply Depot  
  53  4:37  Marine  
  54  4:38  SCV  
  54  4:39  SCV  
  54  4:43  SCV, Terran Infantry Armor Level 1  
  57  4:53  SCV  
  57  4:55  SCV, Marine x3  
  62  5:00  Orbital Command, Starport  
  62  5:04  Supply Depot  
  62  5:05  Factory Reactor, SCV, Marine x2  
  65  5:08  SCV  
  65  5:13  Combat Shield, Marine x2  
  68  5:14  Marine  
  68  5:17  SCV  
  70  5:23  Barracks, Marine x2  
  70  5:24  Barracks, SCV  
  70  5:27  SCV  
  74  5:29  SCV  
  74  5:33  Marine  
  76  5:36  SCV, Marine  
  76  5:37  Supply Depot  
  76  5:39  SCV  
  76  5:41  SCV  
  80  5:43  Marine  
  80  5:46  Medivac x2  
  80  5:47  Factory Reactor  
  80  5:48  Supply Depot  
  85  5:58  SCV x3, Marine x2  
  85  6:00  Supply Depot  
  85  6:02  Marine x2  
  85  6:03  Marine  
  93  6:05  Supply Depot  
  93  6:10  SCV  
  94  6:11  Command Center  
  94  6:12  Armory  
  94  6:14  Barracks Reactor x2  
  94  6:15  SCV  
  94  6:17  Marine  
  96  6:22  SCV x2  
  96  6:24  Missile Turret  
  96  6:25  Missile Turret  
  98  6:26  Marine x3  
  98  6:28  Supply Depot  
  98  6:30  Marine  
  100  6:34  Medivac  
  100  6:35  Marine  
  100  6:38  Widow Mine x2  
  107  6:43  Marine  
  107  6:44  Marine x2  
  110  6:48  Marine  
  110  6:49  Medivac  
  110  6:50  SCV x3  
  110  6:53  Marine x2  
  118  6:56  Factory  
  118  7:01  Marine  
  118  7:03  Marine  
  118  7:05  Widow Mine x2  
  122  7:12  Marine  
  122  7:15  Marine  
  114  7:16  SCV  
  114  7:17  SCV x2  
  114  7:22  Supply Depot  
  117  7:23  Terran Infantry Weapons Level 2, Terran Infantry Armor Level 2, Marine x3  
  117  7:28  SCV  
  112  7:30  SCV x2  
  112  7:32  Marine  
  112  7:33  Marine x3  
  112  7:34  Medivac  
  117  7:42  Marine  
  118  7:44  SCV x2  
  118  7:45  Marine x2  
  118  7:46  Refinery, Supply Depot  
  118  7:47  Factory Tech Lab  
  118  7:50  SCV  
  123  7:51  Marine  
  123  7:52  Marine  
  123  7:53  Marine x2  
  123  7:54  Widow Mine  
  128  7:59  Marine  
  128  8:00  SCV, Marine  
  128  8:02  SCV  
  128  8:03  SCV  
  128  8:05  Drilling Claws, Widow Mine  
  135  8:06  Marine  
  136  8:12  Marine  
  132  8:21  Marine x2  
  132  8:22  Marine  
  132  8:23  Widow Mine, Thor  
  132  8:26  Planetary Fortress  
  127  8:27  Barracks, Marine  
  127  8:28  Barracks, Marine x2  
  127  8:29  Barracks, SCV x2  
  132  8:37  Terran Vehicle And Ship Armor Level 1  
  132  8:38  SCV  
  132  8:40  Missile Turret  
  133  8:41  Marine  
  133  8:42  Marine x2  
  133  8:43  Widow Mine  
  133  8:45  Medivac x2  
  133  8:47  SCV  
  133  8:48  SCV  
  144  8:51  Marine  
  144  8:52  Supply Depot, Marine  
  144  8:53  Widow Mine  
  148  8:59  SCV  
  148  9:00  Sensor Tower, Missile Turret  
  148  9:08  Supply Depot  
  148  9:11  Supply Depot  
  148  9:12  Widow Mine, SCV x2, Marine x4  
  148  9:13  Marine  
  148  9:14  Marauder, SCV  
  148  9:15  Supply Depot  
  148  9:16  Barracks Tech Lab x3  
  160  9:19  Marine  
  160  9:21  Widow Mine  
  163  9:29  Missile Turret x2, Marine  
  163  9:30  Missile Turret, Thor, Marine  
  171  9:34  Medivac x2  
  171  9:37  Marauder x4  
  171  9:38  Concussive Shells  
  183  9:40  Marine  
  184  9:58  Marauder  
  184  9:59  Marine x2  
  178  10:00  Marauder x2, Marine  
  178  10:03  Marine x2  
  178  10:04  Sensor Tower, Marauder  
  178  10:06  Terran Infantry Weapons Level 3  
  186  10:11  Unknown  
  186  10:13  Command Center  
  166  10:37  Missile Turret  
  166  10:39  Terran Infantry Armor Level 3, Missile Turret x2  
  166  10:40  Supply Depot  
  166  10:41  Supply Depot  
  165  10:45  Supply Depot x2  
  165  10:46  Supply Depot  
  165  10:47  Marine x3  
  165  10:48  Marauder, SCV x2  
  172  10:53  Sensor Tower  
  172  10:55  Supply Depot  
  172  11:01  SCV, Marine  
  172  11:02  Marauder x2, Marine x4  
  172  11:03  Marauder  
  182  11:05  Marine  
  182  11:07  Marine x2  
  183  11:11  Marine  
  181  11:19  Marine  
  181  11:24  Marauder x3, Marine  
  186  11:27  Marine  
  186  11:28  Command Center, Marine x2  
  186  11:30  Marauder  
  191  11:35  Widow Mine x2  
  195  11:41  Marine x2  
  195  11:42  Marine  
  195  11:44  Marine x2  
  200  11:57  Command Center  
  200  11:59  Command Center  
  197  12:05  Marine x3  
  197  12:06  Marauder x3  
  197  12:08  Marauder, Marine x2  
  186  12:10  Thor  
  186  12:11  Widow Mine x2  
  186  12:12  Medivac, Marine  
  191  12:16  Marine  
  192  12:27  Marauder  
  192  12:29  Marine  
  194  12:30  Marauder, Marine  
  198  12:41  Marauder  
  200  12:48  Marauder  
  200  12:50  Medivac x2  
  196  12:57  Marine  
  188  12:59  Marauder x2  
  188  13:02  Marine x2  
  183  13:11  Marauder, Marine  
  183  13:12  Marauder, Marine x4  
  156  13:13  Widow Mine  
  156  13:14  Widow Mine x2  
  156  13:18  Marine  
  156  13:19  Armory, Marine  
  135  13:20  Marauder, Marine  
  135  13:21  Marauder  
  137  13:27  Medivac x2  
  137  13:29  Marine x3  
  137  13:30  Marine x2  
  137  13:33  Marauder x2  
  144  13:35  Engineering Bay x2, Marine  
  144  13:37  Widow Mine x2, Marine  
  144  13:38  Marine  
  150  13:42  Marauder x2  
  150  13:47  Marine x2  
  156  13:50  Marine x2  
  156  13:51  Marine  
  156  13:54  Marauder x2  
  163  14:01  Marine  
  164  14:05  Missile Turret  
  164  14:06  Planetary Fortress, Marauder x2  
  164  14:08  Missile Turret  
  168  14:11  Orbital Command, Missile Turret x2  
  168  14:13  Marine  
  168  14:14  Marine  
  165  14:20  Missile Turret  
  165  14:22  Marauder  
  165  14:23  Missile Turret, Marauder, Marine x2  
  169  14:27  Marauder, Widow Mine  
  173  14:32  Sensor Tower, Marine x3  
  176  14:39  Marauder  
  176  14:40  Marine  
  176  14:41  Marine  
  176  14:44  Marauder  
  183  14:45  Marauder, Marine  
  183  14:49  Marauder  
  183  14:50  Marine  
  187  15:00  Marauder, Marine x2  
  187  15:01  Widow Mine x2  
  150  15:22  Marine x2  
  150  15:23  Marauder  
  123  15:29  Marine x2  
  123  15:30  Marauder, Thor  
  123  15:31  Medivac, Widow Mine x2  
  123  15:33  Marine x2  
  123  15:35  Marauder, Marine x2  
  132  15:37  Medivac  
  132  15:42  Command Center x2  
  134  15:46  Orbital Command  
  134  15:49  Marine x2  
  138  15:50  Marauder  
  138  15:51  Marine  
  138  15:52  Widow Mine, Marauder  
  138  15:54  Marauder, Marine x5  
  138  15:56  Marine  
  153  16:07  Refinery, Marine  
  153  16:08  Ghost Academy, Refinery  
  153  16:11  Hi-Sec Auto Tracking  
  154  16:13  Neosteel Armor  
  154  16:17  Marine x2  
  154  16:18  Marine x5  
  157  16:23  Medivac  
  161  16:27  Marine x2  
  161  16:28  Marine  
  164  16:33  Medivac  
  164  16:34  Widow Mine  
  164  16:37  Widow Mine  
  164  16:38  Missile Turret  
  164  16:39  Marauder x2  
  174  16:40  Marine  
  174  16:44  Marine x2  
  174  16:46  Marauder x2, Marine x2  
  174  16:47  Marine  
  181  16:54  Marine  
  181  16:56  Medivac  
  181  16:59  Widow Mine  
  181  17:01  Marauder  
  188  17:04  Marauder  
  188  17:07  Marauder, Marine x4  
  196  17:09  Marauder  
  196  17:11  Marine  
  196  17:14  Marine  
  200  17:22  Marauder  
  200  17:25  Marine x2  
  200  17:28  Marine x2  
  200  17:29  Marine x2  
  195  17:31  Marine  
  195  17:32  Marine  
  195  17:35  Marine  
  189  17:37  Marine x2  
  189  17:43  Marine  
  189  17:44  Marine  
  175  17:46  Marine  
  175  17:47  Marine x2  
  175  17:50  Widow Mine x2  
  170  17:52  Medivac  
  170  17:53  Marine  
  142  17:58  Marine x2  
  142  17:59  Thor  
  142  18:01  Medivac  
  142  18:03  SCV  
  150  18:06  Marine  
  150  18:08  Marauder x2  
  150  18:09  Marauder  
  150  18:14  Marine x2  
  150  18:18  Marine  
  144  18:23  Marine x2  
  144  18:25  Marine  
  145  18:27  Medivac  
  145  18:30  Marauder  
  145  18:32  Marine x2  
  143  18:37  Armory, Widow Mine  
  143  18:39  Marauder, Marine  
  146  18:41  Marine  
  146  18:48  Medivac  
  142  18:49  Widow Mine x2  
  142  18:50  Marauder x2, Marine  
  142  18:51  Marauder  
  142  18:52  Marine x2  
  142  18:54  SCV x2  
  150  18:55  SCV  
  150  19:00  Marine x3  
  150  19:02  Marauder  
  156  19:03  Marine  
  156  19:07  Widow Mine  
  156  19:08  Marine  
  160  19:10  Medivac  
  160  19:11  Marauder x2  
  163  19:18  Medivac  
  163  19:22  Marine  
  163  19:23  Marine x2  
  167  19:25  Widow Mine  
  167  19:29  Marine  
  165  19:32  Planetary Fortress  
  165  19:34  Marauder x4, Marine x2  
  165  19:35  Barracks Reactor  
  175  19:40  Medivac, Marine  
  175  19:45  Marine x2  
  173  19:47  Widow Mine  
  173  19:48  SCV x2  
  173  19:52  Marine x2  
  176  19:54  Medivac  
  176  19:55  Marauder x2  
  176  19:56  Widow Mine  
  176  19:57  Marauder  
  176  19:58  SCV  
  189  20:04  Marine  
  192  20:12  Hellion  
  187  20:16  Marine x2  
  187  20:18  Marine x2  
  186  20:30  Supply Depot  
  186  20:37  Marine x2  
  186  20:39  Orbital Command  
  186  20:46  Missile Turret  
  186  20:48  Supply Depot  
  186  20:51  Marine  
  186  20:52  Marauder x2, Widow Mine  
  186  20:56  Medivac  
  194  20:57  Marine  
  193  21:06  Marine  
  193  21:10  Medivac, Marauder  
  194  21:16  Marine  
  194  21:18  Marauder, Marine x3  
  199  21:28  Marine x2  
  199  21:31  Marauder, Marine  
  199  21:32  Marine x2  
  188  21:34  Marine x2  
  182  21:43  Marine  
  177  21:49  Marine  
  177  21:50  Marauder  
  173  21:55  Marine  
  173  21:57  Marine  
  173  21:58  Marine x2  
  161  22:02  SCV x2  
  161  22:03  SCV  
  161  22:04  Marine x2  
  161  22:08  Marine  
  162  22:11  Medivac  
  162  22:13  SCV  
  162  22:14  Marine  
  162  22:18  Medivac  
  162  22:22  Marine  
  164  22:25  SCV x2  
  164  22:27  Widow Mine  
  164  22:28  SCV  
  169  22:30  Marine  
  169  22:33  SCV  
  169  22:34  Marine x2  
  169  22:35  Marine  
  169  22:36  Marauder  
  175  22:40  Marauder x2  
  175  22:42  Widow Mine  
  178  22:54  Marauder  
  178  22:57  Marauder, Marine  
Show
View Real Time Build Order
Export as new Build Order

Scarlett Zerg - Winner!

Build Orders: Hatch First, Muta Ling Bane 

Get SALT Encoding   

  12  0:00  Drone  
  13  0:12  Overlord  
  13  0:17  Drone  
  14  0:30  Drone x2  
  16  0:47  Hatchery  
  15  0:51  Drone  
  15  0:54  Drone  
  17  0:58  Drone  
  18  1:09  Extractor  
  17  1:13  Spawning Pool  
  17  1:15  Drone  
  17  1:19  Drone  
  18  1:27  Drone  
  19  1:38  Drone  
  20  1:49  Overlord  
  20  1:59  Queen x2  
  20  2:00  Zergling x4  
  26  2:11  Drone x2  
  26  2:13  Metabolic Boost  
  28  2:24  Drone x2  
  30  2:34  Hatchery  
  29  2:40  Drone x2  
  29  2:43  Drone  
  32  2:47  Overlord  
  32  2:52  Drone  
  32  2:53  Drone  
  34  2:59  Queen  
  36  3:09  Drone x4  
  36  3:10  Drone  
  41  3:16  Overlord  
  42  3:20  Drone  
  42  3:22  Queen  
  44  3:36  Drone x3, Queen  
  49  3:42  Drone x3  
  52  3:49  Queen  
  52  3:50  Zergling x6  
  52  3:55  Overlord  
  57  3:57  Drone  
  58  4:04  Evolution Chamber  
  58  4:05  Evolution Chamber  
  58  4:07  Overlord  
  58  4:08  Drone x2  
  58  4:12  Overlord  
  58  4:14  Drone x3  
  61  4:19  Drone x4  
  61  4:22  Overlord  
  65  4:27  Queen  
  67  4:32  Drone x3  
  67  4:37  Zerg Ground Armor Level 1  
  67  4:38  Zerg Melee Weapons Level 1  
  70  4:41  Extractor  
  70  4:44  Drone x4  
  73  4:50  Extractor  
  73  4:51  Extractor  
  71  4:53  Spore Crawler  
  71  4:54  Drone x6  
  71  4:59  Drone x4  
  80  5:03  Overlord  
  80  5:06  Lair  
  80  5:10  Overlord  
  80  5:13  Zergling x6  
  83  5:17  Baneling Nest  
  83  5:20  Drone x4  
  83  5:21  Drone x2, Extractor  
  88  5:23  Extractor, Overlord  
  88  5:28  Drone, Overlord  
  87  5:36  Overlord x2  
  87  5:37  Drone x3  
  90  5:43  Hatchery  
  89  5:50  Overlord  
  89  5:51  Drone x2, Zergling x8  
  89  5:53  Drone  
  89  5:56  Zergling x4  
  98  6:01  Zergling x6  
  98  6:03  Baneling x11  
  101  6:06  Centrifical Hooks  
  101  6:10  Zergling x6  
  104  6:11  Baneling x3  
  104  6:12  Baneling  
  104  6:20  Zergling x6  
  104  6:21  Spire  
  106  6:28  Hatchery  
  105  6:35  Zerg Melee Weapons Level 2, Zerg Ground Armor Level 2  
  105  6:36  Unknown  
  105  6:38  Drone x3  
  105  6:39  Zergling x2  
  108  6:51  Zergling x22  
  119  7:00  Drone x7  
  113  7:18  Drone  
  113  7:19  Drone x6  
  119  7:26  Baneling  
  119  7:27  Baneling  
  116  7:32  Mutalisk  
  116  7:33  Mutalisk x9  
  136  7:42  Zerg Flyer Weapons Level 1  
  136  7:47  Mutalisk x2  
  136  7:48  Overlord x2  
  136  7:49  Drone x6  
  136  7:50  Zergling x2  
  147  7:52  Baneling x5  
  143  8:06  Drone, Mutalisk x2  
  143  8:09  Pneumatized Carapace  
  143  8:10  Overseer  
  139  8:20  Zergling x16  
  139  8:21  Zergling x6  
  139  8:26  Drone x2  
  139  8:27  Drone x2  
  149  8:30  Drone x2  
  149  8:31  Infestation Pit  
  149  8:33  Drone  
  152  8:38  Zergling x28  
  166  8:51  Overlord x3  
  166  8:52  Overlord  
  166  8:59  Mutalisk  
  166  9:00  Mutalisk x4  
  172  9:13  Mutalisk x2  
  172  9:14  Mutalisk x5  
  186  9:19  Zergling x20  
  186  9:23  Hatchery  
  195  9:27  Baneling x2  
  195  9:28  Baneling x6  
  195  9:31  Hive  
  195  9:45  Baneling x12  
  195  9:46  Zergling x2  
  195  9:47  Zergling x6  
  191  10:05  Zergling x20  
  199  10:10  Baneling x8  
  165  10:38  Zergling x2  
  165  10:39  Zergling x52  
  192  10:47  Zerg Ground Armor Level 3, Zerg Melee Weapons Level 3, Adrenal Glands  
  192  10:48  Zerg Flyer Armor Level 1  
  192  10:49  Ultralisk Cavern  
  192  10:50  Zergling x16  
  199  10:57  Extractor  
  199  10:58  Extractor, Baneling x11  
  197  11:07  Hatchery  
  197  11:09  Overseer  
  197  11:11  Baneling x9  
  192  11:12  Zergling x14  
  188  11:31  Queen  
  189  11:35  Chitinous Plating  
  189  11:37  Ultralisk  
  189  11:38  Baneling x9  
  195  11:45  Zergling x10  
  200  11:49  Nydus Network  
  176  12:10  Ultralisk x3  
  176  12:11  Overseer  
  176  12:14  Mutalisk  
  191  12:16  Zergling x16  
  199  12:29  Overseer  
  199  12:37  Nydus Canal, Hatchery  
  199  12:41  Zergling x4  
  181  13:10  Zergling x2, Ultralisk  
  181  13:11  Zergling x22  
  180  13:13  Zerg Flyer Weapons Level 2  
  180  13:15  Ultralisk x3  
  188  13:20  Zergling x16  
  168  13:34  Mutalisk  
  168  13:35  Mutalisk x8  
  186  13:45  Zergling x16, Ultralisk  
  199  13:50  Nydus Canal  
  191  14:26  Zergling x4, Ultralisk  
  191  14:27  Baneling x10  
  191  14:28  Baneling x6  
  195  14:46  Zergling x8  
  195  14:48  Extractor, Baneling x4  
  195  14:50  Extractor, Baneling x15  
  197  14:54  Overseer x2  
  197  15:06  Extractor  
  192  15:07  Zergling x4, Ultralisk  
  192  15:08  Spine Crawler  
  192  15:09  Spore Crawler  
  192  15:10  Extractor  
  190  15:18  Zergling x12, Ultralisk x3  
  188  15:27  Zergling x20, Ultralisk  
  166  15:35  Baneling  
  166  15:36  Drone, Baneling x10  
  166  15:37  Overlord x3  
  166  15:40  Drone x4  
  166  15:41  Drone  
  172  15:43  Zerg Flyer Weapons Level 3  
  172  15:48  Baneling x5  
  172  15:52  Burrow  
  172  16:07  Hatchery  
  170  16:18  Overlord x2, Overseer  
  169  16:19  Overseer  
  169  16:25  Mutalisk  
  169  16:26  Mutalisk x5  
  169  16:32  Hatchery  
  177  17:01  Zergling x46  
  198  17:19  Unknown  
  196  17:27  Mutalisk x6  
  186  17:37  Nydus Canal  
  180  17:45  Mutalisk x5  
  180  17:46  Mutalisk x5  
  180  17:48  Zergling x2  
  183  18:03  Mutalisk  
  183  18:04  Mutalisk x6  
  193  18:10  Zergling x20  
  193  18:11  Zergling x4  
  195  18:16  Drone  
  195  18:18  Overlord x2  
  195  18:19  Overseer  
  172  18:20  Zergling x14  
  172  18:21  Zergling x10  
  174  18:33  Zergling x14, Ultralisk x3  
  199  18:52  Zerg Flyer Armor Level 2, Overseer x3  
  199  19:04  Baneling x16  
  199  19:05  Baneling x3  
  192  19:30  Baneling x15  
  188  19:32  Ultralisk  
  188  19:33  Zergling x10  
  189  19:57  Zergling x24  
  193  20:18  Ultralisk  
  193  20:19  Ultralisk x2  
  193  20:20  Anabolic Synthesis  
  198  20:32  Zergling x4  
  200  20:41  Zergling x2  
  199  20:47  Overlord x2  
  199  20:48  Overseer x2  
  186  21:17  Zergling x16, Ultralisk x3  
  199  21:21  Baneling x6  
  190  21:51  Mutalisk x9  
  190  21:53  Zergling x14  
  174  22:09  Zergling x26, Ultralisk x2  
  196  22:17  Zergling x6  
  196  22:18  Zergling x4  
  196  22:22  Overseer x3  
  198  22:24  Baneling x6  
  198  22:25  Baneling x8  
  198  22:26  Zergling x4  
  194  22:31  Baneling x18  
  194  22:32  Baneling x5  
  194  22:33  Overseer  
  194  22:39  Hatchery  

Tags
 
Add a new tag
Caveats
  • Supply blocks, unpowered buildings, or Contaminate may cause inaccurate times.
  • Supply counts are checked every 10 seconds.